 Dungeon Crawl Stone Soup version 0.19-a0-978-g9f5ef2c (webtiles) character file.

54618 Implojin the Grappler (level 14, -9/148 (149) HPs)
             Began as a Troll Fighter on July 13, 2016.
             Was a High Priest of Okawaru.
             Splashed by an oklob plant's acid (16 damage)
             ... on level 4 of the Swamp.
             The game lasted 00:41:25 (5055 turns).

Implojin the Grappler (Troll Fighter)               Turns: 5055, Time: 00:41:26

HP:   -9/148 (149)  AC: 17    Str: 31    XL:     14   Next: 35%
MP:   17/17         EV:  3    Int:  4    God:    Okawaru [*****.]
Gold: 547           SH: 11    Dex: 13    Spells: 0 memorised, 13 levels left

rFire  + . .     SeeInvis .       - Unarmed
rCold  + + .     Gourm    +     P - +1 gold dragon armour of the Hills {rPois rF+ rC+ MR++ Str+4 Stlth+}
rNeg   + . .     Faith    .     R - +1 shield {rN+}
rPois  +         Spirit   .     (helmet restricted)
rElec  .         Dismiss  .     K - +2 cloak {rPois}
rCorr  .         Reflect  .     (gloves unavailable)
SustAt .         Harm     .     (boots unavailable)
MR     +++..                    (no amulet)
Stlth  ..........               t - ring of stealth
                                u - ring of protection from cold

@: lethally poisoned (-9 -> -10), corroded, slowed, very slow, extremely
resistant to hostile enchantments, extremely unstealthy
A: unfitting armour, claws 3, fast metabolism 3, gourmand, regeneration 2,
shaggy fur 1, tough skin 2
a: Heroism, Finesse, Renounce Religion


You were on level 4 of the Swamp.
You worshipped Okawaru.
Okawaru was extremely pleased with you.
You were not hungry.

You visited 4 branches of the dungeon, and saw 25 of its levels.
You also visited: Ossuary.

You collected 547 gold pieces.

Inventory:

Hand Weapons
 l - a +1 rapier of flaming
 p - a +0 flail
 w - a +2 war axe of draining
 C - a +2 flail of protection
 J - a +0 flail of protection
 T - a +5 great sword of flaming
Missiles
 N - 5 large rocks (quivered)
Armour
 a - a +0 robe
 b - a +0 shield
 m - a +2 robe
 D - a +0 robe of positive energy
 K - a +2 cloak of poison resistance (worn)
 L - a troll hide
 P - the +1 gold dragon armour of the Hills (worn) {rPois rF+ rC+ MR++ Str+4 Stlth+}
   (Okawaru gifted it to you on level 14 of the Dungeon)

   It affects your strength (+4).
   It protects you from fire.
   It protects you from cold.
   It protects you from poison.
   It affects your resistance to hostile enchantments.
   It makes you more stealthy.
 Q - the cursed +6 large shield of Ignorance {rN+ AC+4 Int-6 *Curse}
   (You found it on level 15 of the Dungeon)

   It affects your AC (+4).
   It affects your intelligence (-6).
   It protects you from negative energy.
   It may re-curse itself when equipped.
   It has a curse placed upon it.
 R - a +1 shield of positive energy (worn)
 V - the -4 hat "Tuiheene" {-Tele rElec rPois Int+3}
   (Okawaru gifted it to you on level 15 of the Dungeon)

   It affects your intelligence (+3).
   It insulates you from electricity.
   It protects you from poison.
   It prevents most forms of teleportation.
Rods
 h - a +1 lightning rod (9/9)
   (You took it off a human on level 14 of the Dungeon)
Jewellery
 n - an uncursed amulet of harm
 t - a ring of stealth (right claw)
 u - a ring of protection from cold (left claw)
 I - an uncursed ring of wizardry
Wands
 c - a wand of iceblast (1/15)
 k - a wand of flame (20/48)
 H - a wand of confusion (14/48)
 M - a wand of digging (12/24)
 W - a wand of disintegration (19/24)
Scrolls
 e - 2 scrolls of magic mapping
 g - 9 scrolls of remove curse
 i - 3 scrolls of teleportation
 y - a scroll of recharging {unknown}
 A - a scroll of enchant armour
 F - a scroll of fear
Potions
 f - 3 potions of curing
 r - a potion of cancellation
 x - 2 potions of brilliance
 z - a potion of lignification
 B - a potion of heal wounds
 E - a potion of flight
 O - a potion of might
Books
 v - a book of Unlife

   Spells                             Type                      Level
   a - Recall                         Summoning/Translocation      3
   b - Animate Dead                   Necromancy                   4
   c - Control Undead                 Necromancy                   4
   d - Cigotuvi's Embrace             Necromancy                   5
   e - Death Channel                  Necromancy                   6
   f - Simulacrum                     Ice/Necromancy               6
Comestibles
 d - 7 bread rations
 j - 7 meat rations
 o - a royal jelly
 G - a slice of pizza


   Skills:
 - Level 12.0 Fighting
 * Level 11.5 Armour
 - Level 2.4 Dodging
 - Level 4.1 Shields
 - Level 14.1 Unarmed Combat
 - Level 6.1 Invocations


You had 13 spell levels left.
You didn't know any spells.

Dungeon Overview and Level Annotations

Branches:
Dungeon (15/15)            Temple (1/1) D:4            Lair (5/6) D:8
  Swamp (4/4) Lair:4       Vaults (0/5) D:14         Depths (0/5) D:15
  Snake: Lair:2-4    Spider: Lair:2-4     Slime: Lair:5-6       Orc: D:9-12

Altars:
Cheibriados
Dithmenos
Elyvilon
Gozag
Okawaru
Pakellas
Qazlal
Vehumet
The Shining One

Shops:
D:4 *   D:13 [

Annotations:
D:9 exclusion: upstairs
Swamp:4 exclusion: oklob plant


Innate Abilities, Weirdness & Mutations

You are too large for most types of armour.
You have claws for hands.
Your metabolism is lightning-fast.
You like to eat raw meat.
You heal very quickly.
You are covered in fur. (AC +1)
You have very tough skin. (AC +2)


Message History

You feel sick.
You feel sick.
You feel sick.
You feel sick. The oklob plant spits acid at you. The splash of acid hits you!
The acid burns!
You enter the shallow water.
Moving in this stuff is going to be slow.
You feel sick. The oklob plant spits acid at you. The splash of acid hits you!
The acid burns!
You feel sick. The oklob plant spits acid at you. The splash of acid hits you!
The acid burns!
* * * LOW HITPOINT WARNING * * *
The oklob plant spits acid at you. The splash of acid hits you!
The acid corrodes you!
The acid burns!
* * * LOW HITPOINT WARNING * * *
Found a scroll labeled FOUVAWNO YPRU.
You feel sick. The oklob plant spits acid at you. The splash of acid hits you!
* * * LOW HITPOINT WARNING * * *
The acid burns!
* * * LOW HITPOINT WARNING * * *
You feel sick. The oklob plant spits acid at you. The splash of acid hits you!
The acid burns!
* * * LOW HITPOINT WARNING * * *
You feel like a meek peon again. The oklob plant spits acid at you.
The splash of acid hits you!
* * * LOW HITPOINT WARNING * * *
The acid burns!
* * * LOW HITPOINT WARNING * * *
The oklob plant spits acid at you. The splash of acid hits you!
* * * LOW HITPOINT WARNING * * *
The acid burns!
You die...

♣. ♣♣. ♣♣♣.. ## ##≈≈..
##.## ♣≈≈≈.≈ ###....#
####≈≈..≈
##.....?####..≈§≈...
###.....####....≈≈[.♣÷
#....@# ##≈....≈≈≈..♣≈
##....####...§§#≈≈≈≈.♣.
##.≈§####......≈##≈≈≈.♣♣
##≈.≈≈###....#######≈≈≈♣
#P≈≈.###≈..### #≈≈≈♣
#≈≈≈.....≈## ##≈≈♣
##≈≈.....## ##♣♣
##≈≈(#### ##≈..


You could see an oklob plant.

Vanquished Creatures
  A bone dragon (Swamp:4)
  3 vault guards (D:14)
  3 hydras
  3 ghost crabs (Swamp:4)
  6 alligators
  4 centaur warriors
  An ogre mage (D:15)
  A hell knight (D:15)
  A deep elf knight (D:15)
  4 wizards (D:14)
  2 spriggan druids
  5 spectral hydras (Swamp:4)
  An unseen horror (D:11)
  Pikel (D:5)
  2 shambling mangroves
  2 swamp dragons
  5 hill giants
  3 hornets (Swamp:1)
  8 ugly things (D:15)
  A cyclops (D:14)
  A necromancer (D:14)
  2 manticores
  A black mamba (Lair:4)
  A gargoyle (D:14)
  2 centaur skeletons
  2 spiny frogs
  2 kobold demonologists (D:15)
  2 swamp worm zombies (Swamp:4)
  A freezing wraith (D:15)
  2 trolls
  3 giant leeches (Swamp:3)
  3 hydra zombies (Swamp:4)
  7 bog bodies
  5 slime creatures (Swamp:3)
  2 spectral swamp dragons (Swamp:4)
  7 alligator zombies (Swamp:4)
  A vampire (D:15)
  A spriggan (Swamp:3)
  A shadow (Swamp:3)
  17 yaks
  16 humans (D:14)
  2 hippogriffs
  4 hungry ghosts
  12 insubstantial wisps (Swamp:4)
  3 vampire mosquitoes (Lair:4)
  6 swamp worms
  Duvessa (D:4)
  A water moccasin (D:10)
  5 orc warriors
  4 swamp drakes
  2 ice beasts
  8 phantoms
  2 sky beasts (D:14)
  2 slaves (D:5)
  An ogre (D:6)
  4 swamp dragon zombies (Swamp:4)
  A wasp (Swamp:3)
  A centaur (D:10)
  2 crocodiles (Lair:3)
  4 big kobolds
  3 elf zombies (Ossuary)
  9 giant frogs
  Dowan (D:4)
  3 scorpions
  13 wights
  4 crimson imps
  A quasit (D:11)
  2 giant frog zombies
  A hound (D:7)
  3 human zombies (Ossuary)
  A jelly (D:15)
  2 iguanas
  6 orc priests
  7 orc wizards
  3 worker ants
  A hound zombie (Ossuary)
  4 mummies (Ossuary)
  A worker ant zombie (D:10)
  3 adders
  A river rat (Lair:2)
  A swamp drake zombie (Swamp:4)
  A shadow imp (D:12)
  A worm zombie (D:7)
  An adder zombie (Ossuary)
  An adder skeleton (D:6)
  A dart slug (D:2)
  A giant gecko (D:10)
  24 orcs
  A giant cockroach (D:3)
  3 goblins
  A hobgoblin (D:3)
  6 kobolds
  3 quokkas
  A goblin zombie (Ossuary)
  A hobgoblin zombie (Ossuary)
  2 rats
  2 rat zombies (Ossuary)
321 creatures vanquished.

Vanquished Creatures (others)
  A hornet (Swamp:4)
  A spiny frog (Swamp:4)
  A river rat (Lair:1)
3 creatures vanquished.

Grand Total: 324 creatures vanquished

Notes
Turn   | Place    | Note
-------+----------+-------------------------------------------
     0 | D:1      | Implojin the Troll Fighter began the quest for the Orb.
     0 | D:1      | Reached XP level 1. HP: 22/22 MP: 0/0
    27 | D:2      | Reached XP level 2. HP: 29/29 MP: 1/1
    48 | D:2      | Reached skill level 3 in Unarmed Combat
   135 | D:3      | Reached XP level 3. HP: 36/36 MP: 2/2
   189 | D:4      | Found an opulent altar of Gozag.
   193 | D:4      | Found Gozag's Platinum Reserve.
   209 | D:4      | Noticed Duvessa
   209 | D:4      | Noticed Dowan
   221 | D:4      | Killed Duvessa
   221 | D:4      | Reached skill level 5 in Unarmed Combat
   221 | D:4      | Reached XP level 4. HP: 16/44 MP: 3/3
   225 | D:4      | Killed Dowan
   225 | D:4      | Reached XP level 5. HP: 20/50 MP: 4/4
   304 | D:4      | Found a staircase to the Ecumenical Temple.
   313 | Temple   | Entered the Ecumenical Temple
   318 | Temple   | Became a worshipper of Warmaster Okawaru
   367 | D:4      | Reached skill level 6 in Unarmed Combat
   377 | D:5      | Entered Level 5 of the Dungeon
   381 | D:5      | Reached XP level 6. HP: 33/59 MP: 5/5
   389 | D:5      | Noticed a slave
   390 | D:5      | Noticed a slave
   397 | D:5      | Killed a slave
   399 | D:5      | Killed a slave
   409 | D:5      | Noticed a slave
   414 | D:5      | Noticed Pikel
   419 | D:5      | Killed Pikel
   419 | D:5      | Reached skill level 8 in Unarmed Combat
   419 | D:5      | Reached XP level 7. HP: 38/66 MP: 6/6
   509 | D:6      | Reached skill level 9 in Unarmed Combat
   604 | D:6      | Reached * piety under Okawaru
   670 | D:7      | Reached XP level 8. HP: 71/74 MP: 7/7
   722 | D:7      | Reached skill level 10 in Unarmed Combat
   860 | D:7      | Found a sand-covered staircase.
   868 | D:7      | Reached ** piety under Okawaru
   887 | Ossuary  | Entered an ossuary
   920 | Ossuary  | Reached skill level 11 in Unarmed Combat
  1161 | D:8      | Found a staircase to the Lair.
  1185 | D:9      | Reached XP level 9. HP: 74/80 MP: 5/8
  1186 | D:9      | Reached skill level 12 in Unarmed Combat
  1192 | D:9      | Reached *** piety under Okawaru
  1250 | D:10     | Entered Level 10 of the Dungeon
  1355 | D:10     | Reached skill level 13 in Unarmed Combat
  1490 | D:10     | Reached **** piety under Okawaru
  1521 | D:11     | Killed an unseen horror
  1521 | D:11     | Reached XP level 10. HP: 42/88 MP: 6/9
  1569 | D:12     | Reached skill level 14 in Unarmed Combat
  1575 | D:12     | Reached skill level 3 in Fighting
  1580 | D:12     | Reached skill level 1 in Invocations
  1587 | D:12     | Reached skill level 2 in Invocations
  1591 | D:12     | Reached skill level 3 in Invocations
  1715 | D:13     | Reached skill level 4 in Fighting
  1741 | D:13     | Noticed a hill giant
  1747 | D:13     | Killed a hill giant
  1747 | D:13     | Reached skill level 5 in Fighting
  1788 | D:13     | Found Sikifo's Antique Armour Shop.
  1943 | D:14     | Reached skill level 6 in Fighting
  1958 | D:14     | Noticed a hill giant
  1959 | D:14     | Noticed a hill giant
  1974 | D:14     | Killed a hill giant
  1974 | D:14     | Reached ***** piety under Okawaru
  1977 | D:14     | Killed a hill giant
  1977 | D:14     | Reached XP level 11. HP: 75/107 MP: 9/12
  1980 | D:14     | Received a gift from Okawaru
  1980 | D:14     | Reached skill level 7 in Fighting
  2028 | D:15     | Entered Level 15 of the Dungeon
  2028 | D:15     | Noticed a green ugly thing
  2028 | D:15     | Noticed a green ugly thing
  2028 | D:15     | Noticed a green ugly thing
  2146 | D:14     | Noticed a necromancer
  2151 | D:14     | Killed a necromancer
  2159 | D:14     | Noticed a wizard
  2159 | D:14     | Noticed a centaur warrior
  2183 | D:14     | Killed a centaur warrior
  2183 | D:14     | Reached skill level 8 in Fighting
  2185 | D:14     | Killed a wizard
  2204 | D:14     | Reached skill level 9 in Fighting
  2207 | D:14     | Noticed a vault guard
  2210 | D:14     | Noticed a wizard
  2217 | D:14     | Killed a vault guard
  2220 | D:14     | Killed a wizard
  2224 | D:14     | Noticed a vault guard
  2229 | D:14     | Noticed a vault guard
  2232 | D:14     | Killed a vault guard
  2232 | D:14     | Received a gift from Okawaru
  2232 | D:14     | Reached skill level 10 in Fighting
  2233 | D:14     | Got a polished gold dragon armour {god gift}
  2236 | D:14     | Noticed a wizard
  2246 | D:14     | Noticed a centaur warrior
  2289 | D:14     | Identified the +1 gold dragon armour of the Hills {rPois rF+ rC+ MR++ Str+4 Stlth+} (Okawaru gifted it to you on level 14 of the Dungeon)
  2331 | D:14     | Killed a wizard
  2332 | D:14     | Noticed a wizard
  2350 | D:14     | Killed a wizard
  2407 | D:14     | Killed a centaur warrior
  2407 | D:14     | Reached skill level 11 in Fighting
  2407 | D:14     | Reached XP level 12. HP: 96/130 MP: 10/13
  2481 | D:14     | Found a gate to the Vaults.
  2563 | D:15     | Noticed an ogre mage
  2614 | D:15     | Killed an ogre mage
  2631 | D:15     | Reached skill level 12 in Fighting
  2657 | D:15     | Noticed a centaur warrior
  2673 | D:15     | Reached skill level 3 in Shields
  2691 | D:15     | Reached skill level 4 in Shields
  2699 | D:15     | Reached skill level 1 in Armour
  2702 | D:15     | Reached skill level 2 in Armour
  2704 | D:15     | Killed a centaur warrior
  2704 | D:15     | Reached skill level 3 in Armour
  2715 | D:15     | Noticed a centaur warrior
  2724 | D:15     | Killed a centaur warrior
  2735 | D:15     | Reached skill level 4 in Armour
  2859 | D:15     | Reached skill level 5 in Armour
  2873 | D:15     | Received a gift from Okawaru
  2874 | D:15     | Got a jewelled hat {god gift}
  2947 | D:15     | Found a staircase to the Depths.
  2976 | D:14     | Killed a vault guard
  2976 | D:14     | Reached XP level 13. HP: 131/140 MP: 11/14
  3077 | D:10     | Reached skill level 4 in Invocations
  3115 | Lair:1   | Entered Level 1 of the Lair of Beasts
  3582 | Lair:4   | Reached skill level 5 in Invocations
  3699 | Lair:4   | Identified the -4 hat "Tuiheene" {-Tele rElec rPois Int+3} (Okawaru gifted it to you on level 15 of the Dungeon)
  3736 | Lair:4   | Found a staircase to the Swamp.
  3754 | Swamp:1  | Entered Level 1 of the Swamp
  3805 | Swamp:1  | Reached skill level 6 in Invocations
  3833 | Swamp:1  | Reached skill level 6 in Armour
  3928 | Swamp:1  | Reached skill level 7 in Armour
  4066 | Swamp:3  | Reached skill level 8 in Armour
  4260 | Swamp:4  | Entered Level 4 of the Swamp
  4275 | Swamp:4  | Reached skill level 9 in Armour
  4498 | Swamp:4  | Reached skill level 10 in Armour
  4586 | Swamp:4  | Reached XP level 14. HP: 124/149 MP: 14/17
  4650 | Swamp:4  | Received a gift from Okawaru
  4740 | Swamp:4  | Noticed a bone dragon
  4763 | Swamp:4  | Killed a bone dragon
  4767 | Swamp:4  | Reached skill level 11 in Armour
  4828 | Swamp:4  | HP: 5/149 [acid (14)]
  5055 | Swamp:4  | HP: 7/148 [oklob plant/splash of acid (4)]
  5055 | Swamp:4  | Splashed by an oklob plant's acid

Vault maps used:
D:1:      lemuel_arrival_broad_hall, serial_bayou_pond_b,
          kennysheep_flooded_box, hangedman_abyss_or_decor_lesser_grid
D:2:      first_bread, lemuel_blue_sif_altar, uniq_iyjb, uniq_jessica
D:3:      uniq_grinder, uniq_crazy_yiuf_cottage, uniq_sigmund
D:4:      kennysheep_goblin_castle, nicolae_gozag_zags_fifth_avenue,
          uniq_duvessa, uniq_edmund
D:5:      demons_altar, uniq_blork_the_orc, uniq_menkaure, uniq_pikel
D:7:      enter_ossuary_3
D:8:      lair_0_dummy
D:10:     the_bakery
D:11:     hiddenorc2_lemuel, grunt_pakellas_mercury
D:12:     serial_shops, kennysheep_mini, lemuel_oklob_altar
D:13:     serial_shops, shop_statue
D:14:     grunt_vaults_entry_tiered, serial_bayou_pond_e
D:15:     hangedman_depths_entry_civil_slaughter, minmay_misc_feat_rugged
Temple:   grunt_wide_crystal_templ
Lair:1:   nicolae_volcano_entry_two_sided, st_stairs_4,
          infiniplex_staircase_pool, grunt_megastairs_1, serial_bayou_shore_a
Lair:2:   minmay_snake_entry_spellcaster
Lair:3:   lemuel_slime, grunt_forest_small_clearing_treed,
          bh_autumn_forest_stairs, lemuel_fruit_tree
Lair:4:   minmay_swamp_entry_swarm, patterned_corridor, grunt_megastairs_4
Lair:5:   slime_altar_1, guppyfry_lair_drakes
Swamp:1:  nicolae_swamp_triple_paths
Swamp:2:  serial_swamp_ruin, evilmike_swamp_ruin_rubble_1,
          evilmike_swamp_ruin_house_4, swamp_pool5, uniq_donald
Swamp:3:  evilmike_swamp_ruin_house_3
Swamp:4:  swamp_pestilence, swamp_pool4
Ossuary:  ossuary_minmay_tomb_2a

Skill      XL: |  1  2  3  4  5  6  7  8  9 10 11 12 13 14 |
---------------+-------------------------------------------+-----
Unarmed Combat | 3 5 6 8 9 11 13 14 | 14.1
Fighting       | 6 11 12 | 12.0
Invocations    | 3 6 |  6.1
Shields        | 4 |  4.1
Armour         | 5 10 11 | 11.5
Dodging        | |  2.4

Action                   |  1- 3 |  4- 6 |  7- 9 | 10-12 | 13-15 || total
-------------------------+-------+-------+-------+-------+-------++-------
Melee: Unarmed           |    38 |    36 |   188 |   407 |   433 ||  1102
Throw: Large rock        |       |       |       |       |    13 ||    13
       Throwing net      |       |       |       |       |     2 ||     2
Invok: Heroism           |       |       |     8 |    27 |    24 ||    59
       Finesse           |       |       |       |     2 |     8 ||    10
Evoke: Wand              |       |       |       |       |     3 ||     3
  Use: Potion            |     1 |     2 |     1 |     3 |     6 ||    13
       Scroll            |       |       |       |    12 |    12 ||    24
  Eat: Chunk             |     4 |     4 |    10 |    20 |    15 ||    53
Armor: Robe              |     8 |     3 |    55 |    19 |       ||    85
       Gold dragon armou |       |       |       |    67 |   304 ||   371
       Troll hide        |       |       |       |     2 |       ||     2
Dodge: Dodged            |    12 |     2 |    74 |    56 |    77 ||   221
Block: Shield            |    16 |     9 |    83 |   131 |   210 ||   449

Table legend:
 A = Turns spent in this place as a percentage of turns spent in the entire game.
 B = Non-inter-level travel turns spent in this place as a percentage of non-inter-level travel turns spent in the entire game.
 C = Inter-level travel turns spent in this place as a percentage of turns spent in this place.
 D = Turns resting spent in this place as a percentage of non-inter-level travel turns spent in this place.
 E = Turns spent auto-exploring this place as a percentage of non-inter-level travel turns spent in this place.
 F = Non-inter-level travel turns spent in this place divided by the number of levels of this place that you've seen.
                   A       B       C       D       E      F
               +-------+-------+-------+-------+-------+----------------------
         Total | 100.0 | 100.0 |   0.0 |   0.2 |   0.0 | 191.3
       Dungeon |  56.5 |  56.5 |   0.0 |   0.1 |   0.0 | 187.3
        Temple |   0.2 |   0.2 |   0.0 |   0.0 |   0.0 |  10.0
          Lair |  12.3 |  12.3 |   0.0 |   0.0 |   0.0 | 122.8
         Swamp |  27.4 |  27.4 |   0.0 |   0.6 |   0.0 | 341.0
       Ossuary |   3.5 |   3.5 |   0.0 |   0.0 |   0.0 | 176.0
               +-------+-------+-------+-------+-------+----------------------

Table legend:
 A = Kills in this place as a percentage of kills in entire the game.
 B = Kills by you in this place as a percentage of kills by you in the entire game.
 C = Kills by friends in this place as a percentage of kills by friends in the entire game.
 D = Other kills in this place as a percentage of other kills in the entire game.
 E = Experience gained in this place as a percentage of experience gained in the entire game.
 F = Experience gained in this place divided by the number of levels of this place that you have seen.
                   A       B       C       D       E      F
               +-------+-------+-------+-------+-------+----------------------
         Total | 100.0 | 100.0 |  -nan |  -nan | 100.0 | 3001.0
       Dungeon |  60.2 |  60.2 |  -nan |  -nan |  48.5 | 2523.7
          Lair |   5.3 |   5.3 |  -nan |  -nan |   3.6 | 561.2
         Swamp |  29.5 |  29.5 |  -nan |  -nan |  47.2 | 9210.0
       Ossuary |   5.0 |   5.0 |  -nan |  -nan |   0.7 | 524.0
               +-------+-------+-------+-------+-------+----------------------
